 Dungeon Crawl Stone Soup version 0.23.2-40-g277498a001 (webtiles) character file.

Game seed: 17747412996293787769

2709 Curus the Transmogrifier (level 9, -8/70 HPs)
             Began as a Merfolk Transmuter on Sept 22, 2019.
             Was a Follower of Okawaru.
             Mangled by a hornet (12 damage)
             ... while paralysed by a centaur
             ... on level 7 of the Dungeon.
             The game lasted 00:39:12 (5467 turns).

Curus the Transmogrifier (Merfolk Transmuter)       Turns: 5467, Time: 00:39:13

Health: -8/70      AC:  7    Str:  9 (10) XL:     9   Next: 66%
Magic:  10/22      EV:  1    Int: 16      God:    Okawaru [*.....]
Gold:   459        SH:  0    Dex: 16      Spells: 1/14 levels left

rFire    x . .     SeeInvis .     - Unarmed
rCold    + + +     Gourm    .   (shield currently unavailable)
rNeg     . . .     Faith    .   (armour currently unavailable)
rPois    +         Spirit   .   (helmet currently unavailable)
rElec    .         Reflect  .   (cloak currently unavailable)
rCorr    .         Harm     .   (gloves currently unavailable)
MR       .....     Clarity  +   (boots currently unavailable)
Stlth    +.........             (no amulet)
HPRegen  0.21/turn              t - ring of magical power
MPRegen  0.18/turn              (no ring)

@: paralysed, ice-form, slowed
A: large, (change form in water), (swift swim), (stealthy swim), agile 1, blurry
vision 1, clarity, wild magic 1
a: End Transformation, Heroism, Renounce Religion


You were on level 7 of the Dungeon.
You worshipped Okawaru.
Okawaru was aware of your devotion.
You were hungry.
You were a creature of crystalline ice.
You visited 2 branches of the dungeon, and saw 8 of its levels.
You also visited: Ossuary.

You collected 459 gold pieces.

Inventory:

Missiles
 a - 114 arrows
Armour
 b - a +2 robe
 l - a +2 robe of resistance (melded)
 m - a +2 pair of boots (melded)
 r - a +1 pair of gloves (melded)
Jewellery
 q - an uncursed ring of ice
 t - a ring of magical power (left front paw)
Wands
 o - a wand of iceblast (20)
 z - a wand of flame (17)
Scrolls
 e - 4 scrolls of fog
 h - 8 scrolls of identify
 i - a scroll of fear
 j - 6 scrolls of remove curse
 k - 2 scrolls of amnesia
 n - 5 scrolls of teleportation
 p - a scroll of magic mapping
 w - 2 scrolls of blinking
 y - a scroll of vulnerability
Potions
 c - 3 potions of haste
 f - 2 potions of lignification
 g - 5 potions of curing
 s - a potion of degeneration
 u - 2 potions of heal wounds
 v - 2 potions of flight
 x - a potion of ambrosia
Comestibles
 d - 12 rations
 A - 3 chunks of flesh


   Skills:
 - Level 1.1 Fighting
 - Level 2.6 Dodging
 - Level 10.0 Unarmed Combat
 - Level 3.0 Spellcasting
 + Level 10.7 Transmutations
 + Level 2.8 Ice Magic
 - Level 3.3 Poison Magic


You had one spell level left.
You knew the following spells:

 Your Spells              Type           Power        Failure   Level  Hunger
a - Beastly Appendage     Tmut           #####.       1%          1    #......
b - Spider Form           Tmut/Pois      ####......   5%          3    ###....
c - Blade Hands           Tmut           #####.....   10%         5    ######.
d - Ice Form              Ice/Tmut       ####....     17%         4    #####..

Your spell library contained the following spells:

 Spells                   Type           Power        Failure   Level  Hunger
 Shock                    Conj/Air       #...         26%         1    #......
 Sticks to Snakes         Tmut           #####...     1%          2    ##.....
 Swiftness                Chrm/Air       #.......     36%         2    ##.....
 Static Discharge         Conj/Air       #.......     58%         3    ###....
 Airstrike                Air            #.........   92%         4    #####..
 Lightning Bolt           Conj/Air       #.........   99%         5    ######.


Dungeon Overview and Level Annotations

Branches:
Dungeon (7/15)             Temple (1/1) D:5

Altars:
Ashenzari
Cheibriados
Gozag
Kikubaaqudgha
Nemelex Xobeh
Okawaru
Qazlal
Ru
Sif Muna
Uskayaw
Wu Jian
Zin
The Shining One

Annotations:
D:3 2 transporters, kalagan's ghost, amateur BaSu


Innate Abilities, Weirdness & Mutations

((You revert to your normal form in water))
((You are very nimble and swift while swimming.))
((You are very stealthy in the water. (Stealth+)))
((You have a beak for a mouth.))
You are agile. (Dex +2)
Scrolls take you a little longer to read.
You possess an exceptional clarity of mind.
Your spells are a little harder to cast, but a little more powerful.


Message History

* * * LOW HITPOINT WARNING * * *
An ogre comes into view. It is wielding a +0 giant spiked club.
The centaur hits you but does no damage.
A howler monkey comes into view.
Okay, then.
Unknown command.
You feel yourself speed up. The centaur closely misses you.
The hornet stings you!
* * * LOW HITPOINT WARNING * * *
You feel yourself slow down. The centaur hits you with a +0 club.
* * * LOW HITPOINT WARNING * * *
You feel much better. The hornet stings you.
The centaur zaps a wand.
You suddenly lose the ability to move!
The hornet stings you!
* * * LOW HITPOINT WARNING * * *
The centaur hits you with a +0 club.
* * * LOW HITPOINT WARNING * * *
The hornet stings you but does no damage.
The centaur hits you but does no damage.
The hornet stings you!
You die...

##.........#.
#............
###.#..........
#............#.
##.##.).........
#..#..(.........
#.##.†.....###+#
###..........#
#Y...........#
#cy..........#
#....######...#
..h.#..# #####
h..####.## o.
###


O You could see a hornet, a centaur and a howler monkey.

Vanquished Creatures
  Grinder (D:6)
  Sigmund (D:2)
  Eustachio (D:6)
  Menkaure (Ossuary)
  A water moccasin (D:5)
  An ice beast (D:7)
  A sky beast (D:5)
  2 phantoms
  2 centaurs
  A necrophage (D:6)
  An ogre (D:4)
  A big kobold (D:5)
  A scorpion (D:7)
  4 killer bees (D:4)
  3 crimson imps
  2 centaur zombies (Ossuary)
  2 orc priests
  3 hounds
  An orc wizard (D:4)
  Terence (D:3)
  Jessica (D:2)
  2 bullfrog skeletons
  An iguana (D:4)
  Natasha (twice) (D:2)
  3 worker ants
  3 ogre zombies (Ossuary)
  A hound skeleton (D:5)
  6 mummies (Ossuary)
  4 gnolls (D:6)
  6 adders
  3 oozes
  7 adder zombies
  5 worms
  3 dart slugs
  A leopard gecko (D:6)
  11 orcs
  2 ball pythons
  6 bats
  8 giant cockroaches
  9 goblins
  7 hobgoblins
  2 jackals (D:6)
  2 quokkas
  3 frilled lizards
  2 gnoll zombies (Ossuary)
  3 goblin zombies (Ossuary)
  2 hobgoblin zombies (Ossuary)
  19 kobolds
  5 kobold zombies (Ossuary)
  An orc zombie (Ossuary)
  4 quokka zombies (Ossuary)
  4 rats
  3 rat zombies (Ossuary)
172 creatures vanquished.

Notes
Turn   | Place    | Note
-------+----------+-------------------------------------------
     0 | D:1      | Curus the Merfolk Transmuter began the quest for the Orb.
     0 | D:1      | Reached XP level 1. HP: 15/15 MP: 3/3
   296 | D:1      | Reached XP level 2. HP: 21/21 MP: 3/5
   478 | D:1      | Reached XP level 3. HP: 24/26 MP: 6/6
   483 | D:1      | Learned a level 3 spell: Spider Form
   559 | D:1      | Gained mutation: You expend magic power (3 MP) to
                  | strengthen your wands. [potion of mutation]
   559 | D:1      | Gained mutation: Your magical capacity is low. (-10% MP)
                  | [potion of mutation]
   559 | D:1      | Gained mutation: Your spells are a little harder to cast,
                  | but a little more powerful. [potion of mutation]
   771 | D:2      | Reached skill level 1 in Poison Magic
   803 | D:2      | Noticed Sigmund
   879 | D:2      | Killed Sigmund
   879 | D:2      | Reached skill level 5 in Transmutations
   879 | D:2      | Reached XP level 4. HP: 30/32 MP: 2/6
   879 | D:2      | Reached XP level 5. HP: 35/37 MP: 2/7
   887 | D:2      | Found a glowing golden altar of the Shining One.
  1095 | D:2      | Noticed Natasha
  1105 | D:2      | Killed Natasha
  1105 | D:2      | Reached XP level 6. HP: 39/43 MP: 4/8
  1222 | D:2      | Noticed Jessica
  1225 | D:2      | Killed Jessica
  1225 | D:2      | Reached skill level 5 in Unarmed Combat
  1387 | D:2      | Noticed Natasha
  1405 | D:2      | Killed Natasha
  1542 | D:3      | Found a deep blue altar of Sif Muna.
  1549 | D:3      | Noticed Terence
  1555 | D:3      | Killed Terence
  1991 | D:3      | Found a transporter.
  1993 | D:3      | Noticed kalagan's ghost (amateur BaSu)
  1997 | D:3      | Found a transporter.
  2281 | D:3      | Lost mutation: Your magical capacity is low. (-10% MP)
                  | [potion of mutation]
  2281 | D:3      | Lost mutation: You expend magic power (3 MP) to strengthen
                  | your wands. [potion of mutation]
  2281 | D:3      | Gained mutation: You have a beak for a mouth. [potion of
                  | mutation]
  2281 | D:3      | Gained mutation: You possess an exceptional clarity of
                  | mind. [potion of mutation]
  2281 | D:3      | Gained mutation: Scrolls take you a little longer to read.
                  | [potion of mutation]
  2281 | D:3      | Gained mutation: You are agile. (Dex +2) [potion of
                  | mutation]
  2334 | D:4      | Reached XP level 7. HP: 13/48 MP: 3/10
  3273 | D:5      | Entered Level 5 of the Dungeon
  3290 | D:5      | Reached XP level 8. HP: 19/54 MP: 11/11
  3489 | D:5      | Found a sand-covered staircase.
  3509 | D:5      | Found a staircase to the Ecumenical Temple.
  3587 | D:5      | Reached skill level 10 in Unarmed Combat
  3594 | D:5      | Learned a level 5 spell: Blade Hands
  3647 | Ossuary  | Entered an ossuary
  3802 | Ossuary  | Noticed Menkaure
  3815 | Ossuary  | Killed Menkaure
  4126 | Temple   | Entered the Ecumenical Temple
  4481 | D:6      | Reached XP level 9. HP: 57/59 MP: 8/12
  4505 | D:6      | Noticed Grinder
  4602 | D:6      | Found an iron altar of Okawaru.
  4612 | D:6      | Became a worshipper of Warmaster Okawaru
  4668 | D:6      | Paralysed by Grinder for 3 turns
  4675 | D:6      | Killed Grinder
  4675 | D:6      | Reached skill level 10 in Transmutations
  4796 | D:6      | Noticed Eustachio
  4828 | D:6      | Killed Eustachio
  4834 | D:6      | Learned a level 4 spell: Ice Form
  4988 | D:6      | Found a hide-covered altar of Uskayaw.
  5054 | D:6      | Reached skill level 1 in Ice Magic
  5292 | D:7      | Reached * piety under Okawaru
  5460 | D:7      | Paralysed by a centaur for 3 turns
  5460 | D:7      | Noticed a hornet
  5465 | D:7      | HP: 3/70 [hornet (9)]
  5465 | D:7      | HP: 1/70 [centaur/+0 club (2)]
  5466 | D:7      | Paralysed by a centaur for 7 turns
  5467 | D:7      | Mangled by a hornet

Skill      XL: |  1  2  3  4  5  6  7  8  9 |
---------------+----------------------------+-----
Unarmed Combat | 4 6 9 10 | 10.0
Transmutations | 5 8 10 | 10.7
Poison Magic   | 3 |  3.3
Spellcasting   | 3 |  3.0
Ice Magic      | 2 |  2.8
Fighting       | |  1.1
Dodging        | |  2.6

Action                   |  1- 3 |  4- 6 |  7- 9 || total
-------------------------+-------+-------+-------++-------
Melee: Unarmed           |   117 |   141 |   388 ||   646
       Headbutt          |     7 |     9 |    18 ||    34
       Punch             |     1 |     4 |    15 ||    20
       Peck              |       |     1 |    39 ||    40
 Cast: Beastly Appendage |     6 |    14 |    12 ||    32
       Spider Form       |     1 |     2 |     8 ||    11
       Ice Form          |       |       |     1 ||     1
Evoke: Wand              |       |       |     1 ||     1
  Use: Scroll            |     7 |     3 |     4 ||    14
       Potion            |     4 |     4 |     6 ||    14
 Stab: Sleeping          |     1 |     3 |     3 ||     7
  Eat: Chunk             |       |     4 |    10 ||    14
       Ration            |       |       |     1 ||     1
Armor: Robe              |    16 |    19 |    57 ||    92
       Skin              |       |     1 |     9 ||    10
Dodge: Dodged            |    67 |    71 |   239 ||   377
